 Dungeon Crawl Stone Soup version 0.26-a0-52-gd53d4cd058 (webtiles) character file.

Game seed: 12812624237359980248

1577 Hasart the Reanimator (level 8, -2/52 HPs)
             Began as a Demonspawn Necromancer on June 6, 2020.
             Was an Initiate of Sif Muna.
             Killed by divine providence
             ... invoked by an orc priest
              (16 damage)
             ... on level 6 of the Dungeon.
             The game lasted 00:13:50 (8391 turns).

Hasart the Reanimator (Demonspawn Necromancer)      Turns: 8391, Time: 00:13:50

Health: -2/52      AC:  5    Str:  8    XL:     8   Next: 60%
Magic:  9/15       EV: 14    Int: 20    God:    Sif Muna [......]
Gold:   230        SH:  0    Dex: 13    Spells: 7/16 levels left

rFire    + . .     SeeInvis .   k - +4 spear (pain)
rCold    + . .     Gourm    .   (no shield)
rNeg     . . .     Faith    .   a - +0 robe
rPois    +         Spirit   .   i - +1 hat
rElec    .         Reflect  .   (no cloak)
rCorr    .         Harm     .   j - +1 pair of gloves
MR       .....                  (no boots)
Stlth    ++........             o - amulet of magic regeneration
HPRegen  0.17/turn              w - ring of poison resistance
MPRegen  0.39/turn              u - ring of protection from fire (curse)

@: no status effects
A: antennae 2, cold resistance 1
a: Renounce Religion


You were on level 6 of the Dungeon.
You worshipped Sif Muna.
Sif Muna was noncommittal.
You were not hungry.

You visited 2 branches of the dungeon, and saw 7 of its levels.

You collected 230 gold pieces.

Inventory:

Hand Weapons
 k - a +4 spear of pain (weapon)
Missiles
 t - 2 throwing nets (quivered)
Armour
 a - a +0 robe (worn)
 i - a +1 hat (worn)
 j - a +1 pair of gloves (worn)
Jewellery
 n - an uncursed ring of flight
 o - an amulet of magic regeneration (around neck)
 u - a cursed ring of protection from fire (right hand)
 w - a ring of poison resistance (left hand)
 x - an uncursed ring of ice
 D - a +6 ring of dexterity
Wands
 l - a wand of clouds (10)
 y - a wand of enslavement (6)
Scrolls
 g - a scroll of teleportation
 h - 2 scrolls of identify
 m - a scroll of enchant armour {unknown}
 p - a scroll of random uselessness {unknown}
 q - a scroll of blinking {unknown}
 r - 3 scrolls of remove curse {unknown}
 A - 2 scrolls of magic mapping {unknown}
Potions
 b - 2 potions of berserk rage
 d - 2 potions of resistance
 e - a potion of flight {unknown}
 f - 3 potions of curing {unknown}
 s - 4 potions of might {unknown}
 v - a potion of invisibility {unknown}
 z - a potion of magic {unknown}
 B - a potion of cancellation {unknown}
 E - a potion of lignification {unknown}
Comestibles
 c - 16 rations
 C - 2 chunks of flesh


   Skills:
 + Level 4.9 Dodging
 - Level 1.7 Stealth
 + Level 4.9 Spellcasting
 * Level 9.0 Necromancy
 + Level 3.8 Evocations


You had 7 spell levels left.
You knew the following spells:

 Your Spells              Type           Power        Failure   Level  Hunger
a - Pain                  Necr           ####         1%          1    None
b - Vampiric Draining     Necr           #####.....   1%          3    ##.....
c - Agony                 Necr           #####...     8%          5    ######.

Your spell library contained the following spells:

 Spells                   Type           Power        Failure   Level  Hunger
 Animate Skeleton         Necr           N/A          1%          1    None
 Animate Dead             Necr           N/A          2%          4    ####...


Dungeon Overview and Level Annotations

Branches:
Dungeon (6/15)             Temple (1/1) D:6

Altars:
Ashenzari
Cheibriados
Dithmenos
Elyvilon
Fedhas
Gozag
Hepliaklqana
Kikubaaqudgha
Makhleb
Nemelex Xobeh
Okawaru
Qazlal
Ru
Sif Muna
Uskayaw
Vehumet
Wu Jian
Xom
Yredelemnul
Zin
The Shining One

Shops:
D:4 [   D:5 =


Innate Abilities, Weirdness & Mutations

You have a pair of antennae on your head.
Your flesh is cold resistant. (rC+)


Message History

The orc priest writhes in agony.
The orc priest completely misses you. The adder skeleton misses you.
Unknown command.
Casting: Pain (safe; 1% risk of failure)
Confirm with . or Enter, or press ? or * to list all spells.
Aiming: Pain (safe; 1% risk of failure)
Press: ? - help, Shift-Dir - straight line, f/p - orc priest
Aim: an orc priest, wielding a +0 mace and wearing a +0 ring mail (heavily wounded, chance to defeat MR: 84%)
The orc priest writhes in agony.
The adder skeleton bites you but does no damage.
The orc priest closely misses you.
The orc priest invokes the aid of Beogh against you.
Beogh smites you! The centaur skeleton hits you.
Unknown command.
The orc priest mumbles some strange prayers to Beogh against you.
Pain shoots through your body!
* * * LOW HITPOINT WARNING * * *
The orc priest calls down the wrath of Beogh upon you.
Beogh smites you!
You die...

## ### ... ..# #.#
#.# #.# #.####.#
##)# ###o.....#
###..# #.@o###...o
#....###.#Z# .
#.#.......Z#
#.##.##........
##.##.##....#.#..
#.###...#....####.#
#............# #
####...####.# ##.##
#.#


You could see 2 orc priests, an adder skeleton and a centaur skeleton.

Vanquished Creatures
  Sigmund (D:2)
  A sky beast (D:6)
  A black bear (D:6)
  A phantom (D:5)
  3 ogres
  A bullfrog (D:6)
  A howler monkey (D:5)
  4 orc priests
  4 hounds
  5 orc wizards
  An iguana (D:5)
  4 worker ants
  A mummy (D:4)
  10 adders
  An ooze (D:2)
  An adder skeleton (D:6)
  5 worms
  2 dart slugs (D:1)
  5 leopard geckos
  39 orcs
  5 giant cockroaches
  6 goblins
  8 hobgoblins
  7 jackals
  4 quokkas
  2 ball pythons
  6 bats
  4 frilled lizards
  8 kobolds
  A leopard gecko zombie (D:6)
  A quokka skeleton (D:4)
  2 rats
145 creatures vanquished.

Notes
Turn   | Place    | Note
-------+----------+-------------------------------------------
     0 | D:1      | Hasart the Demonspawn Necromancer began the quest for the
                  | Orb.
     0 | D:1      | Reached XP level 1. HP: 13/13 MP: 3/3
   400 | D:1      | Gained mutation: Your flesh is cold resistant. (rC+)
                  | [demonic ancestry]
   400 | D:1      | Reached XP level 2. HP: 17/19 MP: 0/5
  1555 | D:2      | Reached skill level 5 in Necromancy
  1598 | D:2      | Reached XP level 3. HP: 21/24 MP: 2/6
  2279 | D:2      | Reached XP level 4. HP: 14/30 MP: 0/7
  2610 | D:2      | Noticed Sigmund
  2616 | D:2      | Learned a level 3 spell: Vampiric Draining
  2622 | D:2      | Killed Sigmund
  2622 | D:2      | Reached skill level 6 in Necromancy
  2622 | D:2      | Gained mutation: You have a pair of small antennae on your
                  | head. [demonic ancestry]
  2622 | D:2      | Reached XP level 5. HP: 30/35 MP: 1/9
  3188 | D:3      | Reached XP level 6. HP: 37/41 MP: 5/10
  3503 | D:3      | Reached skill level 1 in Evocations
  4257 | D:4      | Reached skill level 7 in Necromancy
  4476 | D:4      | Gained mutation: You have a pair of antennae on your head.
                  | [demonic ancestry]
  4476 | D:4      | Reached XP level 7. HP: 30/46 MP: 2/12
  5429 | D:4      | Found Qoukysay's Armour Shop.
  5577 | D:5      | Entered Level 5 of the Dungeon
  5957 | D:5      | Reached skill level 8 in Necromancy
  6027 | D:5      | Found a burning altar of Makhleb.
  6129 | D:5      | Reached XP level 8. HP: 32/52 MP: 8/14
  6529 | D:5      | Found Nabelej's Jewellery Shoppe.
  7062 | D:6      | Found a staircase to the Ecumenical Temple.
  7087 | Temple   | Entered the Ecumenical Temple
  7145 | Temple   | Became a worshipper of Sif Muna the Loreminder
  7496 | D:6      | Learned a level 5 spell: Agony
  8169 | D:6      | Reached skill level 9 in Necromancy
  8391 | D:6      | Killed from afar by an orc priest

Illustrated notes

Levels and vault maps discovered:
D:1:      dpeg_arrival_rooms_b, layout_loops_cross, serial_forest,
          infiniplex_forest_lined_1, infiniplex_forest_diagonal,
          infiniplex_forest_clump_small, infiniplex_forest_end_2,
          infiniplex_forest_lined_ring, infiniplex_forest_clump_cross
D:2:      layout_loops_ring, first_ration, uniq_sigmund
D:3:      layout_basic
D:4:      layout_loops_ring, gup_ossuary_entry_pyramid, serial_shops, shop
D:5:      layout_rooms, serial_curves, eino_curves_03, eino_curves_04,
          serial_shops, shop, minmay_misc_feat_encased,
          makhleb_blood_cavern_becter
D:6:      layout_loops_ring, minmay_temple_entry_trees, solitary_fountain
Temple:   nicolae_temple_the_god_donut

Skill      XL: |  1  2  3  4  5  6  7  8 |
---------------+-------------------------+-----
Dodging        | 2 3 4 |  4.9
Necromancy     | 5 6 7 8 9 |  9.0
Spellcasting   | 3 4 |  4.9
Evocations     | 1 3 |  3.8
Stealth        | |  1.7

Action                   |  1- 3 |  4- 6 |  7- 9 || total
-------------------------+-------+-------+-------++-------
Melee: Unarmed           |     7 |       |       ||     7
       Short sword       |    10 |       |       ||    10
       Spear             |    28 |    25 |    85 ||   138
 Cast: Pain              |    70 |   101 |   161 ||   332
       Vampiric Draining |       |     2 |     2 ||     4
  Use: Scroll            |       |     3 |     4 ||     7
 Stab: Sleeping          |       |     1 |     1 ||     2
  Eat: Chunk             |     5 |     7 |    12 ||    24
Armor: Robe              |     7 |     7 |    21 ||    35
Dodge: Dodged            |    31 |    18 |    70 ||   119

Table legend:
 A = Non-vault XP
 B = Vault XP
 C = Vault XP percentage of total XP
 D = Non-vault monster count
 E = Vault monster count
 F = Vault count percentage of total count
                 A         B        C        D         E       F
            +---------+---------+-------+---------+---------+-------
      Total |    1955 |     299 |  13.3 |     142 |       3 |   2.1
            +---------+---------+-------+---------+---------+-------
        D:1 |      35 |       0 |   0.0 |      19 |       0 |   0.0
        D:2 |      75 |     238 |  76.0 |      22 |       1 |   4.3
        D:3 |     205 |       0 |   0.0 |      32 |       0 |   0.0
        D:4 |     563 |      18 |   3.1 |      32 |       1 |   3.0
        D:5 |     536 |      43 |   7.4 |      16 |       1 |   5.9
        D:6 |     541 |       0 |   0.0 |      21 |       0 |   0.0
            +---------+---------+-------+---------+---------+-------
